 Dungeon Crawl Stone Soup version 0.28.0-53-g5a82cb258f (webtiles) character file.

Game seed: 8414509881716387853

14 issech the Skirmisher (level 2, 0/27 HPs)
             Began as a Minotaur Monk on June 10, 2022.
             Constricted to death by a ball python (1 damage)
             ... on level 1 of the Dungeon.
             The game lasted 00:01:30 (246 turns).

issech the Skirmisher (Minotaur Monk)                Turns: 246, Time: 00:01:30

Health: 0/27       AC:  2    Str: 15    XL:     2   Next: 27%
Magic:  1/1        EV: 10    Int:  7    God:
Gold:   0          SH:  0    Dex: 12    Spells: 1/1 levels left

rFire   . . .      SeeInvis .   a - +0 hand axe
rCold   . . .      Faith    .   (no shield)
rNeg    . . .      Spirit   .   b - +0 robe
rPois   .          Reflect  .   (helmet restricted)
rElec   .          Harm     .   (no cloak)
rCorr   .          Rampage  .   (no gloves)
Will    .....                   (no boots)
Stlth   ++........              (no amulet)
HPRegen 0.09/turn               (no ring)
MPRegen 0.07/turn               (no ring)

@: constricted
A: horns 2, retaliatory headbutt
a: no special abilities


You were on level 1 of the Dungeon.
You visited 1 branch of the dungeon, and saw 1 of its levels.

Inventory:

Hand Weapons
 a - a +0 hand axe (weapon)
Armour
 b - a +0 robe (worn)
Scrolls
 c - a scroll of magic mapping {unknown}
 d - a scroll of enchant armour {unknown}


   Skills:
 + Level 4.1 Fighting
 + Level 3.9 Axes
 + Level 3.5 Dodging
 + Level 1.6 Stealth


You had one spell level left.
You didn't know any spells.
Your spell library was empty.

Dungeon Overview and Level Annotations

Branches:
Dungeon (1/15)

Altars:


Innate Abilities, Weirdness & Mutations

You have a pair of horns on your head.
You reflexively headbutt those who attack you in melee.


Message History

The kobold is moderately wounded.
The kobold hits you with a +0 whip.
You hit the kobold.
The kobold is heavily wounded.
The kobold hits you with a +0 whip.
You closely miss the kobold.
The kobold is heavily wounded.
The kobold hits you with a +0 whip.
Unknown command.
You hit the kobold but do no damage.
The kobold is moderately wounded.
The kobold closely misses you.
You barely miss the kobold.
The kobold is moderately wounded.
The kobold hits you with a +0 whip.
* * * LOW HITPOINT WARNING * * *
You closely miss the kobold.
The kobold is moderately wounded.
The kobold hits you with a +0 whip.
* * * LOW HITPOINT WARNING * * *
The kobold throws a stone.
The stone barely misses you. The bat hits you but does no damage.
The ball python bites you but does no damage.
The ball python grabs you. The ball python constricts you.
* * * LOW HITPOINT WARNING * * *
You escape the ball python's grasp.
The bat completely misses you. The bat completely misses you. The bat hits you.
* * * LOW HITPOINT WARNING * * *
You hit the ball python but do no damage.
You hit the bat. The bat hits you but does no damage.
The ball python bites you.
* * * LOW HITPOINT WARNING * * *
The ball python grabs you. The ball python constricts you.
You hit the ball python.
The ball python is moderately wounded.
The bat hits you but does no damage. The ball python bites you.
* * * LOW HITPOINT WARNING * * *
The ball python constricts you.
You die...

#.##K#.#........# #
#......#........# (.
####...†.......# .#
####........# .#
##....)...###.##
#.K............#
#...######.##...# #.S.###
#.# #.# ### #.@.##.# #.#
..######.b.# #.##.#
#.#.........# #.#.##.##.
..........## ##.........
#####..#####...###.##.....#.
#...#..#...#..#.#.## ...#.#
. #...#..#...#..##.## ...# #
.## #...'..).>.#..#.## ...#
....#...#..#...#.....## ..##


You could see a bat, a ball python and a kobold.

Vanquished Creatures
  A dart slug (D:1)
  3 ball pythons (D:1)
  A bat (D:1)
  A giant cockroach (D:1)
  2 goblins (D:1)
  A kobold (D:1)
  2 rats (D:1)
11 creatures vanquished.

Notes
Turn   | Place    | Note
-------+----------+-------------------------------------------
     0 | D:1      | issech the Minotaur Monk began the quest for the Orb.
     0 | D:1      | Reached XP level 1. HP: 19/19 MP: 0/0
   202 | D:1      | Reached skill level 4 in Fighting
   202 | D:1      | Reached XP level 2. HP: 24/27 MP: 1/1
   246 | D:1      | HP: 1/27 [ball python (1)]
   246 | D:1      | Constricted to death by a ball python

Illustrated notes

Levels and vault maps discovered:
D:1:      dpeg_arrival_houses_and_road, layout_loops_cross,
          hellmonk_ecumenical_altar_lost_god

Skill      XL: |  1 |
---------------+----+-----
Fighting       | 4 |  4.1
Axes           | |  3.9
Dodging        | |  3.5
Stealth        | |  1.6

Action                   || total
-------------------------++-------
Melee: Hand axe          ||    24
       Headbutt          ||     3
       Punch             ||     1
Armor: Robe              ||    13
Dodge: Dodged            ||    23
